[Event "ICCopen2016"]
[Site "Internet Chess Club"]
[Date "2016.06.04"]
[Round "2"]
[White "TitanRivas"]
[Black "capatal1"]
[Result "1/2-1/2"]
[ICCResult "White ran out of time and Black has no material to mate"]
[WhiteElo "1852"]
[BlackElo "1365"]
[Opening "Sicilian: Najdorf, Byrne (English) attack"]
[ECO "B90"]
[NIC "SI.14"]
[Time "14:13:03"]
[TimeControl "180+0"]

1. e4 c5 2. Nf3 d6 3. d4 cxd4 4. Nxd4 Nf6 5. Nc3 a6 6. Be3 e6 7. f3 e5 8.
Nb3 Be6 9. Qd2 Nbd7 10. g4 h6 11. O-O-O Qc7 12. Kb1 Be7 13. h4 Rc8 14. Bh3
b5 15. g5 hxg5 16. Bxe6 fxe6 17. hxg5 Nh5 18. a3 g6 19. Qg2 Nc5 20. Nxc5
dxc5 21. Qg4 Qc6 22. f4 b4 23. Nd5 exd5 24. Rxd5 bxa3 25. Rxe5 Qb7 26. b3
O-O 27. Qe6+ Kg7 28. Qxe7+ Rf7 29. Qxb7 Rxb7 30. Rxc5 Rxc5 31. Bxc5 Nxf4 32.
Bxa3 Re7 33. Bb2+ Kg8 34. Rh8+ Kf7 35. Rh7+ Ke6 36. Rxe7+ Kxe7 37. Bf6+ Ke6
38. Kb2 Nh5 39. Kc3 Nxf6 40. gxf6 Kxf6 41. Kd4 g5 42. c4 g4 43. b4 g3 44.
Ke3 Ke5 45. b5 axb5 46. cxb5 g2 47. Kf2 g1=Q+ 48. Kxg1 Kd6 49. Kf2 Kc5 50.
Ke3 Kxb5 51. Kd4 Kc6 52. Ke5 Kd7 53. Kf6 Ke8 54. Ke6 Kd8 55. Kf7 Kd7 56. e5
Kc6 57. e6 Kd5 58. e7 Kd4 59. e8=Q Kc4 60. Qe6+ Kc5 61. Kf6 Kd4 62. Qf5 Kc4
63. Qe5 Kd3 64. Kf5 Kc4 65. Qf4+ Kd3 66. Qe5 Kc4 67. Kf4 Kd3 68. Kf3 Kc4
{White ran out of time and Black has no material to mate}
1/2-1/2

[Event "ICCopen2016"]
[Site "Internet Chess Club"]
[Date "2016.06.04"]
[Round "2"]
[White "MrGioMu"]
[Black "ebochess"]
[Result "1-0"]
[ICCResult "Black forfeits on time"]
[WhiteElo "1851"]
[BlackElo "1510"]
[Opening "English: Caro-Kann defensive system"]
[ECO "A11"]
[NIC "EO.64"]
[Time "14:13:25"]
[TimeControl "180+0"]

1. c4 c6 2. Nc3 d5 3. e3 Nf6 4. d4 Bg4 5. Nge2 e6 6. h3 Bh5 7. g4 Bg6 8. c5
Be7 9. Bg2 O-O 10. f4 b6 11. cxb6 axb6 12. O-O c5 13. Ng3 h6 14. f5 exf5 15.
Nxf5 Ne4 16. Nxe4 dxe4 17. Bxe4 cxd4 18. Bxa8 Bxf5 19. Rxf5 Bc5 20. Rxc5
bxc5 21. exd4 cxd4 22. Be4 Qh4 23. Qf1 Re8 24. Bf4 Nd7 25. Bc6 Re7 26. Bg2
Nf6 27. Qf2 Qxf2+ 28. Kxf2 Ne4+ 29. Bxe4 Rxe4 30. Kf3 Re7 31. Rd1 Rd7 32.
Ke4 g6 33. Rxd4 f5+ 34. gxf5 gxf5+ 35. Ke5 Re7+ 36. Kxf5 Re2 37. Be5 Kf7 38.
Rd7+ Ke8 39. Rb7 Rf2+ 40. Bf4 Kd8 41. a4 Kc8 42. Rb8+ Kd7 43. a5 Rf1 44. b4
Ra1 45. Rb6 h5 46. Rh6 h4 47. Bd6 Rb1 48. Bc5 Rf1+ 49. Kg4 Rg1+ 50. Kxh4 Rg8
51. a6 Ra8 52. a7 Kc7 53. Rh7+ Kc6 54. Rh6+ {Black forfeits on time} 1-0

[Event "ICCopen2016"]
[Site "Internet Chess Club"]
[Date "2016.06.04"]
[Round "2"]
[White "GarayPinoy"]
[Black "ponte2"]
[Result "0-1"]
[ICCResult "White checkmated"]
[WhiteElo "1725"]
[BlackElo "1353"]
[Opening "French: advance, Nimzovich variation"]
[ECO "C02"]
[NIC "FR.03"]
[Time "14:13:30"]
[TimeControl "180+0"]

1. e4 e6 2. d4 d5 3. e5 c5 4. Qg4 Nc6 5. Nf3 cxd4 6. Bd3 h5 7. Qg3 Qb6 8.
O-O Nb4 9. h4 Nxd3 10. cxd3 Nh6 11. Nbd2 Nf5 12. Qf4 Be7 13. Nb3 O-O 14. g4
hxg4 15. Qxg4 Qd8 16. Ng5 Bxg5 17. Bxg5 Qb6 18. h5 a5 19. Kg2 a4 20. Nd2
Qxb2 21. Nf3 b5 22. Bf6 Ne3+ 23. Kg3 Nxg4 24. Kxg4 gxf6 25. exf6 Kh7 26. Rg1
Rg8+ 27. Ng5+ Kh8 28. f4 Qe2+ 29. Kh4 Qf2+ 30. Rg3 Qxf4+ 31. Rg4 Qf2+ 32.
Rg3 e5 33. Rg1 Qh2+ 34. Nh3 Bxh3 35. Rxg8+ Rxg8 36. Rxg8+ Kxg8 37. Kg5 Kh7
38. h6 Qf4+ 39. Kh5 Qg4# {White checkmated} 0-1

[Event "ICCopen2016"]
[Site "Internet Chess Club"]
[Date "2016.06.04"]
[Round "2"]
[White "BISPOMAU"]
[Black "shredded"]
[Result "0-1"]
[ICCResult "White forfeits on time"]
[WhiteElo "2102"]
[BlackElo "2798"]
[Opening "Queen's gambit accepted"]
[ECO "D20"]
[NIC "QG.03"]
[Time "14:13:34"]
[TimeControl "180+0"]

1. d4 d5 2. c4 dxc4 3. e3 e5 4. Bxc4 exd4 5. exd4 Bd6 6. Nf3 Nf6 7. O-O O-O
8. h3 h6 9. Nc3 Nc6 10. Be3 Bf5 11. a3 a6 12. b4 Re8 13. Qb3 Qd7 14. Nd5 Ne4
15. Rad1 b5 16. Bd3 Bxh3 17. Ne5 Nxe5 18. Bxe4 Nc4 19. Bf3 Bg4 20. Bf4 Rad8
21. Bxd6 Bxf3 22. Qxf3 Qxd6 23. Ne3 Nxa3 24. Nf5 Qf6 25. Nxh6+ Qxh6 26. Qxa3
Rd7 27. Rd3 Red8 28. Rh3 Qf6 29. Qd3 g6 30. Qe3 Qxd4 31. Qh6 Qg7 32. Qh4 Rd4
33. Qe7 R4d7 34. Qh4 Rd1 35. Rxd1 Rxd1+ 36. Kh2 Rd5 37. Qg4 Rf5 38. f4 Qf6
39. g3 Kg7 40. Rh4 Qb2+ 41. Kh3 Qxb4 42. Qe2 Qd6 43. Qe8 Rh5 44. Rxh5 gxh5
45. Qe3 Qe6+ 46. Kh2 Qxe3 47. Kh3 Qf3 48. Kh2 h4 {White forfeits on time}
0-1

[Event "ICCopen2016"]
[Site "Internet Chess Club"]
[Date "2016.06.04"]
[Round "2"]
[White "Parsifal"]
[Black "Sibelephant"]
[Result "1/2-1/2"]
[ICCResult "Game drawn because neither player has mating material"]
[WhiteElo "2369"]
[BlackElo "3122"]
[Opening "Sicilian, Chekhover variation"]
[ECO "B53"]
[NIC "SI.02"]
[Time "14:13:38"]
[TimeControl "180+0"]

1. e4 c5 2. Nf3 d6 3. d4 cxd4 4. Qxd4 a6 5. c4 Nf6 6. Qd2 Nxe4 7. Qc2 Nf6 8.
Nc3 g6 9. Bg5 Bg7 10. Be2 O-O 11. O-O Bf5 12. Qd2 Nbd7 13. Rac1 Nc5 14. Bh6
Nfe4 15. Nxe4 Nxe4 16. Qe3 Bxb2 17. Rb1 Bg7 18. Bxg7 Kxg7 19. g4 Bxg4 20.
Qxe4 Bf5 21. Qxb7 Bxb1 22. Qxb1 Rb8 23. Qd3 Qa5 24. a3 Rfc8 25. Nd4 Qe5 26.
Bf3 Rb2 27. Nc6 Qf6 28. Nb4 e6 29. Nxa6 d5 30. c5 Rc6 31. Bg2 h5 32. h3 h4
33. a4 Rb7 34. a5 Ra7 35. Nb4 Rxc5 36. a6 Rc4 37. Rb1 Qc3 38. Qxc3+ Rxc3 39.
Ra1 d4 40. Bf1 e5 41. Bb5 Rb3 42. Nc6 Ra8 43. Bc4 Rb6 44. a7 Rxc6 45. Bd5
Rcc8 46. Bxa8 Rxa8 47. Ra6 d3 48. Kf1 e4 49. Ke1 g5 50. Kd2 f5 51. Ke3 g4
52. hxg4 fxg4 53. Kxe4 d2 54. Rd6 Rxa7 55. Rxd2 Rf7 56. Rd5 Kg6 57. Rd6+ Rf6
58. Rd5 h3 59. Ke3 h2 60. Rd1 Rf3+ 61. Ke2 Kg5 62. Rh1 Rh3 63. Kf1 Kf4 64.
Kg2 Ra3 65. Rxh2 Ra2 66. Rh4 Rb2 67. Rh8 Rb5 68. Rf8+ Rf5 69. Rxf5+ Kxf5 70.
Kg3 Kg5 71. f3 gxf3 72. Kxf3
{Game drawn because neither player has mating material}
1/2-1/2

[Event "ICCopen2016"]
[Site "Internet Chess Club"]
[Date "2016.06.04"]
[Round "2"]
[White "HuevosDeLeon"]
[Black "RussianCowboy"]
[Result "1-0"]
[ICCResult "Black forfeits on time"]
[WhiteElo "2658"]
[BlackElo "2021"]
[Opening "Philidor: Improved Hanham variation"]
[ECO "B07"]
[NIC "PU.08"]
[Time "14:13:38"]
[TimeControl "180+0"]

1. d4 d6 2. e4 Nf6 3. Nc3 e5 4. Nf3 Nbd7 5. Bc4 Be7 6. O-O O-O 7. Qe2 c6 8.
a4 a5 9. Rd1 Qc7 10. dxe5 dxe5 11. Nh4 Nc5 12. Qf3 Bg4 13. Qe3 Bxd1 14. Nxd1
Ncxe4 15. Nf5 Bc5 16. Qe2 g6 17. Ng3 Nxg3 18. hxg3 Rfe8 19. Nc3 Rad8 20. Bg5
Be7 21. Bh6 Bf8 22. Bg5 Bg7 23. Qf3 e4 24. Qe3 Qe5 25. Ne2 Ng4 26. Qc1 Rd7
27. Bb3 Qc5 28. Be3 Nxe3 29. Qxe3 Qxe3 30. fxe3 Rd2 31. Nc3 Bxc3 32. bxc3
Red8 33. Kh2 Rf2 34. g4 Rdd2 35. Rg1 Kg7 36. Kg3 f5 37. gxf5 gxf5 38. c4 c5
39. c3 Kf6 40. Bd1 Kg5 41. Kh3 h5 42. Kg3 h4+ 43. Kh3 Rd3 44. Bb3 Rxe3+ 45.
Kh2 Rg3 46. Kh1 e3 47. Bd1 e2 48. Bxe2 Rxe2 49. Rd1 Ree3 50. Rd8 Rd3 51.
Rg8+ Kf4 52. Rh8 Rd1+ 53. Kh2 Rg4 54. Rc8 Rd7 55. Kh1 Re7 56. Re8 Rxe8 57.
Kh2 Re2 58. Kh3 Rg3+ 59. Kh2 Rexg2+ 60. Kh1 Rg1+ 61. Kh2 R3g2+ 62. Kh3 Rg3+
63. Kh2 R1g2+ 64. Kh1 Rh2+ 65. Kxh2 Rg2+ 66. Kh3 {Black forfeits on time}
1-0

[Event "ICCopen2016"]
[Site "Internet Chess Club"]
[Date "2016.06.04"]
[Round "2"]
[White "ShadowLike"]
[Black "ardapro"]
[Result "1-0"]
[ICCResult "Black forfeits on time"]
[WhiteElo "1943"]
[BlackElo "1610"]
[Opening "Boden-Kieseritsky gambit"]
[ECO "C42"]
[NIC "RG.01"]
[Time "14:14:11"]
[TimeControl "180+0"]

1. e4 e5 2. Nf3 Nf6 3. Bc4 Nxe4 4. Nc3 Nxc3 5. dxc3 d6 6. O-O Be7 7. Re1 O-O
8. h4 Nc6 9. Ng5 h6 10. Qh5 hxg5 11. hxg5 Bf5 12. g6 Bxg6 13. Qxg6 d5 14.
Qg4 dxc4 15. Rd1 Bd6 16. Bh6 Qf6 17. Bg5 Qg6 18. Qh4 f6 19. Be3 Qf7 20. b3
cxb3 21. axb3 b6 22. Ra4 Rad8 23. Re1 a5 24. Rg4 Ne7 25. Qh3 Nf5 26. c4 Nxe3
27. Rxe3 Rd7 28. Reg3 {Black forfeits on time} 1-0

[Event "ICCopen2016"]
[Site "Internet Chess Club"]
[Date "2016.06.04"]
[Round "2"]
[White "VrloJakMK"]
[Black "INDIAN-ELEPHANT"]
[Result "0-1"]
[ICCResult "White forfeits on time"]
[WhiteElo "2129"]
[BlackElo "2815"]
[Opening "Nimzo-Indian: classical, Noa variation, 5.a3"]
[ECO "E36"]
[NIC "NI.23"]
[Time "14:13:23"]
[TimeControl "180+0"]

1. d4 Nf6 2. c4 e6 3. Nc3 Bb4 4. Qc2 d5 5. a3 Bxc3+ 6. Qxc3 dxc4 7. Qxc4 O-O
8. Nf3 b6 9. Bg5 Ba6 10. Qc2 Nbd7 11. Rd1 h6 12. Bh4 Qc8 13. e4 Bxf1 14.
Kxf1 c5 15. d5 exd5 16. exd5 Qa6+ 17. Kg1 Rfe8 18. h3 Re2 19. Rd2 Rae8 20.
Kh2 Nxd5 21. Rhd1 N7f6 22. Qf5 Rxd2 23. Rxd2 Qc4 24. Bg3 Qe4 25. Qxe4 Rxe4
26. Ne5 Rd4 27. Re2 Rd1 28. Nc6 a5 29. Be5 a4 30. Bxf6 Nxf6 31. Ne7+ Kf8 32.
Nc8 b5 33. Na7 b4 34. Nb5 b3 35. Nc3 Rd4 36. Re5 Rc4 37. g4 g5 38. Kg2 Kg7
39. Re3 h5 40. gxh5 Nxh5 41. Re5 Nf4+ 42. Kf3 f6 43. Re7+ Kf8 44. Ra7 Nd3
45. Rxa4 Nxb2 46. Rxc4 Nxc4 47. Ke2 Nxa3 48. Nd1 c4 49. Kd2 Nb5
{White forfeits on time}
0-1

[Event "ICCopen2016"]
[Site "Internet Chess Club"]
[Date "2016.06.04"]
[Round "2"]
[White "Smokie"]
[Black "A4-H5"]
[Result "0-1"]
[ICCResult "White forfeits on time"]
[WhiteElo "1397"]
[BlackElo "1800"]
[Opening "Réti opening"]
[ECO "A30"]
[NIC "QP.10"]
[Time "14:14:17"]
[TimeControl "180+0"]

1. Nf3 c5 2. c4 d5 3. cxd5 Qxd5 4. Nc3 Qh5 5. g3 Nc6 6. Bg2 Nf6 7. d4 Bh3 8.
Bxh3 Qxh3 9. d5 Nd4 10. Nxd4 cxd4 11. Qxd4 g6 12. Nb5 Rc8 13. Bf4 Qg2 14.
Rf1 Qxd5 15. Qxd5 Nxd5 16. Nc7+ Nxc7 17. Bxc7 Rxc7 18. e4 Bg7 19. Rb1 O-O
20. Ke2 Rc2+ 21. Kf3 f5 22. Kf4 e5+ 23. Ke3 Bh6+ 24. Kd3 Rd2+ 25. Kc3 Rc8+
26. Kb3 Rd3+ 27. Ka4 b5+ 28. Kxb5 Rd6 29. Rfd1 Rb6+ 30. Ka4 Rcb8 31. b4 fxe4
32. a3 e3 33. fxe3 Bxe3 34. Rd7 Bd4 35. Rf1 R6b7 36. Rd6 a5 37. Rff6 axb4
38. axb4 Rxb4+ 39. Ka5 Rb1 40. Rxg6+ hxg6 41. Rxg6+ Kf7 42. Rg7+ Kxg7
{White forfeits on time}
0-1

[Event "ICCopen2016"]
[Site "Internet Chess Club"]
[Date "2016.06.04"]
[Round "2"]
[White "arnav311004"]
[Black "muhit"]
[Result "0-1"]
[ICCResult "White forfeits on time"]
[WhiteElo "1479"]
[BlackElo "1843"]
[Opening "Two knights defense"]
[ECO "C55"]
[NIC "IG.01"]
[Time "14:13:26"]
[TimeControl "180+0"]

1. e4 e5 2. Nf3 Nc6 3. Bc4 Nf6 4. O-O Bc5 5. d3 d6 6. h3 Be6 7. Bb3 O-O 8.
c3 h6 9. Qe2 Bb6 10. Nbd2 Re8 11. Rd1 Bxb3 12. axb3 d5 13. exd5 Nxd5 14. Nc4
Nf4 15. Bxf4 exf4 16. Qf1 Qf6 17. d4 Ne7 18. Nce5 Rad8 19. Ng4 Qf5 20. Nge5
c6 21. Qc4 Nd5 22. Re1 h5 23. Nd3 a6 24. Nc5 Bxc5 25. Qxc5 Qd7 26. Ne5 Qe7
27. Qc4 Qf6 28. Re4 Re6 29. Rae1 Rde8 30. Qe2 Qe7 31. c4 Nc7 32. Qxh5 a5 33.
f3 Na6 34. Kh2 Nb4 35. Rxf4 f6 36. Ng6 Rxe1 37. Nxe7+ R8xe7 38. Qc5 Nd3 39.
Qb6 Nxf4 40. Qd8+ Kf7 41. Qd6 R1e2 42. Qxf4 Rxb2 43. Kg3 Ree2 44. Qg4 Rxg2+
45. Kf4 Rxg4+ 46. fxg4 Rxb3 47. Ke4 a4 {White forfeits on time} 0-1

[Event "ICCopen2016"]
[Site "Internet Chess Club"]
[Date "2016.06.04"]
[Round "2"]
[White "Dodgy"]
[Black "Astaneh"]
[Result "0-1"]
[ICCResult "White forfeits on time"]
[WhiteElo "2077"]
[BlackElo "2740"]
[Opening "QGD Slav: 4.e3"]
[ECO "D11"]
[NIC "SL.01"]
[Time "14:13:49"]
[TimeControl "180+0"]

1. d4 c6 2. c4 d5 3. Nf3 Nf6 4. e3 g6 5. Bd3 Bg7 6. O-O O-O 7. b3 Bf5 8.
Bxf5 gxf5 9. Bb2 e6 10. Nbd2 Nbd7 11. Rc1 a6 12. Ne1 Rc8 13. f3 Kh8 14. Nd3
Qe7 15. Qe2 b5 16. e4 bxc4 17. bxc4 fxe4 18. fxe4 Nxe4 19. Nxe4 dxe4 20.
Qxe4 Rb8 21. Ba1 Qd6 22. Rf3 f5 23. Qe3 Nf6 24. Ne5 Ne4 25. Rh3 Kg8 26. Rh4
Rbd8 27. Rxe4 fxe4 28. Qxe4 Bxe5 29. dxe5 Qd1+ 30. Qe1 Qxe1+ 31. Rxe1 Rd2
32. Bc3 Rxa2 33. Bd4 Rd2 34. Be3 Rc2 35. c5 Rd8 36. Bg5 Rd5 37. h3 Rdxc5 38.
Kh2 a5 39. Bf6 Rb5 40. Re3 Rbb2 41. Rg3+ Kf8 42. h4 a4 43. Rg7 Rxg2+ 44.
Rxg2 Rxg2+ 45. Kxg2 a3 46. Bd8 a2 47. Ba5 a1=Q 48. Bb4+ Kf7 49. Bd6 Qa2+ 50.
Kg3 Qd5 51. Kg4 Kg6 52. h5+ Kf7 53. Be7 Qc4+ 54. Kg5 Qd3 55. Kh6 Qf5 56. Bf6
Qe4 57. Bg5 c5 58. Bf6 Qf5 59. Bg7 c4 60. Bf6 c3 61. Be7 c2 62. Ba3 c1=Q+
63. Bxc1 Qxe5 64. Bg5 Qe4 {White forfeits on time} 0-1

[Event "ICCopen2016"]
[Site "Internet Chess Club"]
[Date "2016.06.04"]
[Round "2"]
[White "BlueJ"]
[Black "vidalnovich"]
[Result "0-1"]
[ICCResult "White resigns"]
[WhiteElo "2110"]
[BlackElo "1665"]
[Opening "King's Indian: Petrosian system, Stein variation"]
[ECO "E92"]
[NIC "KI.17"]
[Time "14:15:59"]
[TimeControl "180+0"]

1. c4 Nf6 2. Nc3 g6 3. e4 d6 4. d4 Bg7 5. Be2 O-O 6. Nf3 e5 7. d5 a5 8. Bg5
Na6 9. Nd2 Nc5 10. O-O Qe8 11. b3 Nh5 12. g3 f5 13. exf5 Rxf5 14. Be3 e4 15.
Rc1 Re5 16. Bd4 Re7 17. Bxg7 Nxg7 18. Re1 e3 19. Nf3 exf2+ 20. Kxf2 Nf5 21.
Bf1 Ne3 22. Qd2 Nxf1 23. Rxf1 Bh3 24. Rfe1 Rxe1 25. Rxe1 Qf7 26. Re3 Rf8 27.
Kg1 Qf5 28. Qe1 Nd3 29. Qd2 Ne5 30. Qe2 Nxf3+ 31. Kf2 Nd4+ 32. Ke1 Nxe2
{White resigns}
0-1

[Event "ICCopen2016"]
[Site "Internet Chess Club"]
[Date "2016.06.04"]
[Round "2"]
[White "Piranha"]
[Black "Deverill"]
[Result "1-0"]
[ICCResult "Black forfeits on time"]
[WhiteElo "1742"]
[BlackElo "1236"]
[Opening "French: Fort Knox variation"]
[ECO "C10"]
[NIC "FR.07"]
[Time "14:16:39"]
[TimeControl "180+0"]

1. e4 e6 2. d4 d5 3. Nc3 dxe4 4. Nxe4 Bd7 5. Nf3 Bc6 6. Bd3 Nd7 7. Qe2 Ngf6
8. Bg5 Be7 9. h4 Nxe4 10. Bxe4 Bxe4 11. Qxe4 c6 12. O-O-O Nf6 13. Qe2 Qa5
14. Kb1 O-O-O 15. Ne5 Rhf8 16. Nxf7 Kb8 17. Nxd8 Rxd8 18. Qxe6 Re8 19. Bxf6
gxf6 20. Qd7 Qd8 21. Qxd8+ Rxd8 22. c3 Bd6 23. g3 Kc7 24. Rhe1 Kd7 25. Re2
Rg8 26. Rde1 Rg7 27. Kc2 b5 28. Kd3 a5 29. Re6 c5 30. R1e3 cxd4 31. cxd4 Kc6
32. Re8 f5 33. R3e6 Rd7 34. Rg8 Kd5 35. Rge8 Bb4 36. Re2 Rd6 37. Rg8 Rc6 38.
Rd8+ Bd6 39. Ree8 a4 40. a3 h6 41. Rg8 f4 42. Rg6 fxg3 43. fxg3 h5 44.
Rdxd6+ Rxd6 45. Rxd6+ Kxd6 46. Ke4 Ke6 47. d5+ Kd6 48. Kd4 Kc7 49. Kc5 Kd7
50. Kxb5 {Black forfeits on time} 1-0

[Event "ICCopen2016"]
[Site "Internet Chess Club"]
[Date "2016.06.04"]
[Round "3"]
[White "modeusto"]
[Black "ARMCOMPOSER"]
[Result "0-1"]
[ICCResult "White resigns"]
[WhiteElo "1902"]
[BlackElo "3004"]
[Opening "Ruy Lopez: Berlin defense, open variation"]
[ECO "C67"]
[NIC "RL.07"]
[Time "14:22:42"]
[TimeControl "180+0"]

1. e4 e5 2. Nf3 Nc6 3. Bb5 Nf6 4. O-O Nxe4 5. Re1 Nd6 6. Bxc6 dxc6 7. Nxe5
Be7 8. d4 O-O 9. c3 Nf5 10. Bf4 c5 11. dxc5 Qxd1 12. Rxd1 Bxc5 13. Nd2 Be6
14. Ne4 Be7 15. Ng5 Bxg5 16. Bxg5 f6 17. Nd7 Bxd7 18. Rxd7 fxg5 {White
resigns} 0-1

[Event "ICCopen2016"]
[Site "Internet Chess Club"]
[Date "2016.06.04"]
[Round "3"]
[White "Saniser"]
[Black "relentlessone90"]
[Result "1-0"]
[ICCResult "Black resigns"]
[WhiteElo "1639"]
[BlackElo "1924"]
[Opening "Philidor: Improved Hanham variation"]
[ECO "B07"]
[NIC "PU.08"]
[Time "14:23:18"]
[TimeControl "180+0"]

1. e4 d6 2. d4 Nf6 3. Nc3 e5 4. Nf3 Nbd7 5. g4 Nxg4 6. Rg1 Ngf6 7. Bc4 c6 8.
dxe5 Nxe5 9. Nxe5 dxe5 10. Bxf7+ Ke7 11. Qxd8+ Kxd8 12. Be3 Kc7 13. O-O-O
Bg4 14. Rd2 Bb4 15. f3 Bxf3 16. Rxg7 Rad8 17. Bh5+ Kb8 18. Rxd8+ Rxd8 19.
Bxf3 {Black resigns} 1-0

[Event "ICCopen2016"]
[Site "Internet Chess Club"]
[Date "2016.06.04"]
[Round "3"]
[White "Hell-Rell"]
[Black "SeniorNapa"]
[Result "0-1"]
[ICCResult "White resigns"]
[WhiteElo "2169"]
[BlackElo "1821"]
[Opening "Sicilian: Kan, 5.Nc3"]
[ECO "B43"]
[NIC "SI.41"]
[Time "14:23:15"]
[TimeControl "180+0"]

1. e4 c5 2. Nf3 e6 3. d4 cxd4 4. Nxd4 a6 5. Nc3 Qc7 6. Bd3 Nf6 7. O-O d6 8.
f3 Be7 9. Be3 O-O 10. Qe1 Nc6 11. Qf2 Nxd4 12. Bxd4 b5 13. a3 Bb7 14. Rfc1
Rac8 15. Ne2 d5 16. exd5 Bxd5 17. Ng3 Nd7 18. Re1 Bf6 19. Bxf6 Nxf6 20. Rad1
Rfd8 21. Kh1 Bc4 22. Bxc4 Qxc4 23. c3 Qb3 24. Kg1 Rxd1 {White resigns} 0-1

[Event "ICCopen2016"]
[Site "Internet Chess Club"]
[Date "2016.06.04"]
[Round "3"]
[White "goran-esyu"]
[Black "Sc6"]
[Result "1-0"]
[ICCResult "Black resigns"]
[WhiteElo "2282"]
[BlackElo "1806"]
[Opening "Sicilian: Najdorf, Lipnitzky attack"]
[ECO "B90"]
[NIC "SI.13"]
[Time "14:22:45"]
[TimeControl "180+0"]

1. e4 c5 2. Nf3 d6 3. d4 cxd4 4. Nxd4 Nf6 5. Nc3 a6 6. Bc4 e5 7. Nde2 Be6 8.
Bxe6 fxe6 9. O-O Qc7 10. f4 Be7 11. fxe5 dxe5 12. Ng3 Nc6 13. Be3 O-O 14.
Nh5 Rad8 15. Nxf6+ Bxf6 16. Qg4 Qc8 17. Na4 b5 18. Nc5 Nd4 19. Bxd4 Rxd4 20.
Qxe6+ Kh8 21. Qxc8 Rxc8 22. Nxa6 Rc3 23. bxc3 {Black resigns} 1-0

[Event "ICCopen2016"]
[Site "Internet Chess Club"]
[Date "2016.06.04"]
[Round "3"]
[White "marjose"]
[Black "Eraser007"]
[Result "0-1"]
[ICCResult "White resigns"]
[WhiteElo "1766"]
[BlackElo "2178"]
[Opening "Alekhine's defense: modern, Larsen variation"]
[ECO "B04"]
[NIC "AL.05"]
[Time "14:24:36"]
[TimeControl "180+0"]

1. e4 Nf6 2. e5 Nd5 3. d4 d6 4. Nf3 dxe5 5. Nxe5 c6 6. c3 g6 7. Bd3 Bg7 8.
O-O O-O 9. Qe2 Nd7 10. Nd2 Nxe5 11. dxe5 Nf4 {White resigns} 0-1

[Event "ICCopen2016"]
[Site "Internet Chess Club"]
[Date "2016.06.04"]
[Round "3"]
[White "flinkfinger"]
[Black "jonesey"]
[Result "1-0"]
[ICCResult "Black resigns"]
[WhiteElo "2169"]
[BlackElo "1752"]
[Opening "Réti opening"]
[ECO "A04"]
[NIC "QP.11"]
[Time "14:23:39"]
[TimeControl "180+0"]

1. Nf3 g6 2. c4 Bg7 3. Nc3 d6 4. e4 e5 5. d4 Nc6 6. d5 Nce7 7. h4 h6 8. Bd3
f5 9. Qc2 Nf6 10. Bd2 O-O 11. O-O-O f4 12. Kb1 Ng4 13. Bc1 c6 14. Nh2 b5 15.
Nxg4 Bxg4 16. f3 Bd7 17. dxc6 bxc4 18. Bxc4+ {Black resigns} 1-0

[Event "ICCopen2016"]
[Site "Internet Chess Club"]
[Date "2016.06.04"]
[Round "3"]
[White "Lucas"]
[Black "ALexiz"]
[Result "1-0"]
[ICCResult "Black resigns"]
[WhiteElo "2327"]
[BlackElo "1825"]
[Opening "Sicilian"]
[ECO "B50"]
[NIC "SI.01"]
[Time "14:23:28"]
[TimeControl "180+0"]

1. e4 c5 2. Nf3 d6 3. Nc3 Nf6 4. Bb5+ Bd7 5. Bxd7+ Qxd7 6. O-O Nc6 7. Re1 e6
8. d4 d5 9. exd5 Nxd5 10. Nxd5 Qxd5 11. dxc5 Qxd1 12. Rxd1 Bxc5 13. Bf4 Rd8
14. Rxd8+ Kxd8 15. Rd1+ Kc8 16. Ng5 Nd8 17. Ne4 Be7 18. Bd6 Re8 19. Be5 f6
20. Bd4 b6 21. Bc3 Nb7 22. g3 Rd8 23. Re1 e5 24. Nd2 Bc5 25. Kg2 Bd4 26.
Bxd4 Rxd4 27. Nf3 Rd5 28. Re2 Nc5 29. h4 h5 30. Nd2 b5 31. Nb1 Kc7 32. Nc3
Rd4 33. Nxb5+ {Black resigns} 1-0

[Event "ICCopen2016"]
[Site "Internet Chess Club"]
[Date "2016.06.04"]
[Round "3"]
[White "Tova77"]
[Black "bullbuffalo"]
[Result "1-0"]
[ICCResult "Black resigns"]
[WhiteElo "1614"]
[BlackElo "1318"]
[Opening "Sicilian: Alapin's variation (2.c3)"]
[ECO "B22"]
[NIC "SI.46"]
[Time "14:23:16"]
[TimeControl "180+0"]

1. e4 c5 2. c3 e6 3. d4 cxd4 4. cxd4 a6 5. Nf3 b5 6. Bd3 Bb7 7. O-O Nf6 8.
Bg5 Qc7 9. Qe2 Ng4 10. Rc1 Nc6 11. d5 h5 12. dxc6 dxc6 13. Nbd2 f6 14. Bh4
O-O-O 15. Bg3 Bd6 16. Bxd6 Rxd6 17. h3 g5 18. hxg4 hxg4 19. Ne1 Rxd3 20.
Qxd3 Qh2+ 21. Kf1 Qh1+ 22. Ke2 Qxg2 23. Nxg2 {Black resigns} 1-0

[Event "ICCopen2016"]
[Site "Internet Chess Club"]
[Date "2016.06.04"]
[Round "3"]
[White "Mormegil"]
[Black "SuperGMBobbyF"]
[Result "1-0"]
[ICCResult "Black checkmated"]
[WhiteElo "1572"]
[BlackElo "1209"]
[Opening "English: symmetrical, four knights system"]
[ECO "A30"]
[NIC "QP.10"]
[Time "14:22:58"]
[TimeControl "180+0"]

1. Nf3 c5 2. c4 Nc6 3. Nc3 Nf6 4. g3 e5 5. Bg2 d6 6. d3 Be7 7. Bg5 O-O 8.
Nd5 h6 9. Bd2 Be6 10. Qc1 Nd4 11. e3 Nxf3+ 12. Bxf3 Bxd5 13. cxd5 Rc8 14. e4
Qb6 15. Bg4 Rc7 16. Bf5 Ne8 17. Bxh6 gxh6 18. Qxh6 Nf6 19. g4 Qb4+ 20. Kf1
Qxb2 21. Re1 Qxa2 22. Re3 Qb1+ 23. Kg2 c4 24. Rxb1 cxd3 25. Rh3 d2 26. Qh8#
{Black checkmated}
1-0

[Event "ICCopen2016"]
[Site "Internet Chess Club"]
[Date "2016.06.04"]
[Round "3"]
[White "RonJB"]
[Black "anitak"]
[Result "0-1"]
[ICCResult "White checkmated"]
[WhiteElo "1638"]
[BlackElo "2084"]
[Opening "Queen's pawn, Mason variation"]
[ECO "D00"]
[NIC "QP.08"]
[Time "14:23:10"]
[TimeControl "180+0"]

1. d4 d5 2. Bf4 e6 3. Nf3 Bd6 4. Bg3 Nf6 5. e3 Ne4 6. Bd3 Nxg3 7. hxg3 h6 8.
c3 Nd7 9. Nbd2 Nf6 10. Qc2 Bd7 11. e4 dxe4 12. Nxe4 Qe7 13. O-O-O O-O-O 14.
Kb1 Bc6 15. Nxf6 Qxf6 16. Be4 Bxe4 17. Qxe4 c6 18. Qd3 Rhe8 19. Qc2 e5 20.
dxe5 Bxe5 21. Rxd8+ Rxd8 22. Re1 Bc7 23. Nd4 Bb6 24. Rd1 Bxd4 25. cxd4 Rxd4
26. Rxd4 Qxd4 27. Qf5+ Qd7 28. Qe4 Qd1# {White checkmated} 0-1

[Event "ICCopen2016"]
[Site "Internet Chess Club"]
[Date "2016.06.04"]
[Round "3"]
[White "redbeargame"]
[Black "ncc-1701"]
[Result "0-1"]
[ICCResult "White checkmated"]
[WhiteElo "1445"]
[BlackElo "1959"]
[Opening "Sicilian: Smith-Morra gambit"]
[ECO "B21"]
[NIC "SI.48"]
[Time "14:23:16"]
[TimeControl "180+0"]

1. e4 c5 2. d4 d6 3. d5 g6 4. Bc4 Bg7 5. c3 Nf6 6. Bd3 O-O 7. Bg5 a6 8. Nd2
b5 9. c4 Nbd7 10. Ne2 bxc4 11. Nxc4 Nb6 12. Qc2 Nxc4 13. Bxc4 Rb8 14. Rb1
Nxe4 15. Qxe4 Bf5 16. Qxe7 Qxe7 17. Bxe7 Bxb1 18. Bxf8 Rxf8 19. O-O Bf5 20.
b3 a5 21. Ng3 Bd7 22. f4 Re8 23. Kf2 Bd4+ 24. Kf3 h5 25. h3 Re3+ 26. Kf2
Rc3+ 27. Ke2 Rxg3 28. Rf3 Rxg2+ 29. Kd3 Bf5# {White checkmated} 0-1

[Event "ICCopen2016"]
[Site "Internet Chess Club"]
[Date "2016.06.04"]
[Round "3"]
[White "K4"]
[Black "hhex"]
[Result "0-1"]
[ICCResult "White resigns"]
[WhiteElo "1417"]
[BlackElo "1634"]
[Opening "Queen's gambit accepted"]
[ECO "D20"]
[NIC "QG.03"]
[Time "14:24:10"]
[TimeControl "180+0"]

1. d4 d5 2. c4 dxc4 3. e3 Nf6 4. Bxc4 Nc6 5. Nf3 Bg4 6. O-O e6 7. h3 Bh5 8.
Nbd2 Be7 9. Qc2 O-O 10. b3 Bg6 11. Bd3 Nb4 {White resigns} 0-1